 Dungeon Crawl Stone Soup version 0.30-a0-347-gf58ed5266c (webtiles) character file.

Game seed: 4325759399244938272

474 innerfire433 the Chopper (level 6, -1/48 HPs)
             Began as a Demonspawn Monk on Nov 7, 2022.
             Was a Follower of Yredelemnul.
             Killed by divine providence
             ... invoked by an orc priest
              (12 damage)
             ... on level 4 of the Dungeon.
             The game lasted 00:08:53 (2994 turns).

innerfire433 the Chopper (Demonspawn Monk)          Turns: 2994, Time: 00:08:54

Health: -1/48      AC:  3    Str: 13    XL:     6   Next: 84%
Magic:  6/6        EV: 17    Int: 11    God:    Yredelemnul [*.....]
Gold:   222        SH:  5    Dex: 16    Spells: 5/5 levels left

rFire   . . .      SeeInvis +    a - +1 hand axe
rCold   . . .      Faith    .    s - +0 buckler
rNeg    . . .      Spirit   .    b - +0 robe
rPois   .          Reflect  .    (no helmet)
rElec   .          Harm     .    o - +0 cloak
rCorr   .          Rampage  .    (no gloves)
Will    .....                    (no boots)
Stlth   ++........               q - amulet of the acrobat
HPRegen 0.28/turn                g - +4 ring of evasion
MPRegen 0.10/turn                h - ring of see invisible

@: no status effects
A: spiny 1, demonic touch 1
a: Renounce Religion, Recall Undead Harvest


You were on level 4 of the Dungeon.
You worshipped Yredelemnul.
Yredelemnul was noncommittal.
You visited 1 branch of the dungeon, and saw 4 of its levels.

You collected 222 gold pieces.

Inventory:

Hand Weapons
 a - a +1 hand axe (weapon)
 n - a +3 quarterstaff of chaos
Armour
 b - a +0 robe (worn)
 o - a +0 cloak (worn)
 s - a +0 buckler (worn)
Jewellery
 g - a +4 ring of evasion (left hand)
 h - a ring of see invisible (right hand)
 q - an amulet of the acrobat (around neck)
 t - a ring of positive energy
Scrolls
 d - a scroll of teleportation
 f - 3 scrolls of identify
 i - 2 scrolls of enchant weapon
 l - a scroll of magic mapping
Potions
 c - 3 potions of ambrosia
 j - a potion of haste {unknown}
 p - a potion of invisibility
 r - a potion of berserk rage {unknown}


   Skills:
 + Level 4.3 Fighting
 * Level 4.9 Axes
 + Level 3.8 Dodging
 - Level 1.7 Stealth
 * Level 2.9 Shields


You had 5 spell levels left.
You didn't know any spells.
Your spell library contained the following spells:

 Spells                   Type           Power      Damage    Failure   Level
 Cause Fear               Hex            0%         N/A       99%         4
 Dragon Form              Tmut           0%         N/A       100%        7
 Dragon's Call            Summ           0%         N/A       100%        9


Dungeon Overview and Level Annotations

Branches:
Dungeon (4/15)             Temple (0/1) D:4

Altars:
Vehumet
Yredelemnul


Innate Abilities, Weirdness & Mutations

You are partially covered in sharp spines.
Your touch may inflict minor irresistible damage on your foes.


Message History

The orc priest is heavily wounded.
You hit the orc priest. You hit the orc.
Your gnoll zombie hits the orc priest.
The orc hits your gnoll zombie with a +0 trident!
Your gnoll zombie is destroyed!
The orc priest is struck by your spines.
The orc priest closely misses you. You block the orc's attack.
The orc priest barely misses your gnoll zombie.
You closely miss the orc priest.
The orc priest is heavily wounded.
You closely miss the orc. You hit the orc priest.
An orc comes into view. It is wielding a +0 hand axe.
The orc closely misses you. You block the orc priest's attack.
The orc priest is struck by your spines.
The orc priest closely misses you.
Your gnoll zombie hits the orc priest.
You closely miss the orc priest.
The orc priest is severely wounded.
You barely miss the orc priest. You barely miss the orc.
The orc hits you but does no damage. The orc priest misses you.
The orc barely misses you.
The orc priest looks encouraged for a moment.
Your gnoll zombie closely misses the orc priest.
You hit the orc priest but do no damage.
The orc priest is severely wounded.
You hit the orc.
You kill the orc!
You closely miss the orc priest.
The dead are walking!
The orc barely misses you.
The orc priest hits you but does no damage.
The orc priest mumbles some strange prayers to Beogh against you.
Beogh smites you!
* * * LOW HITPOINT WARNING * * *
Your gnoll zombie hits the orc priest but does no damage.
You slash the orc priest!
You kill the orc priest!
You hit the orc priest but do no damage.
The dead are walking!
You block the orc's attack.
The orc priest invokes the aid of Beogh against you.
Beogh smites you!
You die...
Your body rises from the dead as a mindless zombie.

#...........
##..#########+######.......
.......#....... #.......
.......#...... #.......
.......#..... #.......
.......#...# #.......
#.....#Z..## #.......
##.....#.o).# #.......
......o'oo@.# #.......
.......#o.ZZ# ###...)...
.......#....# #.........
##.....#....# #.8.8.8...
#.....#....# ###..⌠.⌠....
#....##...#####...8.>.8.ZZ
#....##...#.....#..⌠.⌠...#
+.o..#....'.....#.8.8.8..#
#....#.....#.......##


You could see 2 orc priests, 3 orcs, a friendly gnoll zombie, a friendly orc
zombie and a friendly orc priest zombie.

Vanquished Creatures
  2 phantoms (D:4)
  An orc priest (D:4)
  A hound (D:4)
  A jelly (D:4)
  Crazy Yiuf (D:3)
  An iguana (D:4)
  Terence (D:3)
  3 gnolls
  2 adders
  5 worms
  7 dart slugs
  2 orcs (D:4)
  5 endoplasms
  3 giant cockroaches
  6 goblins
  5 hobgoblins
  6 jackals
  3 kobolds
  3 quokkas
  7 ball pythons
  5 bats
  4 frilled lizards
  8 rats
82 creatures vanquished.

Vanquished Creatures (collateral kills)
  2 gnolls (D:3)
  A worm (D:3)
  2 endoplasms (D:3)
  A giant cockroach (D:3)
  2 goblins (D:3)
  3 jackals (D:3)
  A ball python (D:3)
  A frilled lizard (D:3)
  A kobold (D:3)
14 creatures vanquished.

Vanquished Creatures (others)
  2 scorpion zombies (D:3)
  A jelly zombie (D:4)
  A bat zombie (D:3)
  A gnoll zombie (D:4)
  A human zombie (D:3)
  A ball python zombie (D:3)
  2 frilled lizard zombies (D:3)
  A giant cockroach zombie (D:3)
  4 jackal zombies (D:3)
  4 fungi (D:3)
  22 plants (D:2)
40 creatures vanquished.

Grand Total: 136 creatures vanquished

Notes
Turn   | Place    | Note
-------+----------+-------------------------------------------
     0 | D:1      | innerfire433 the Demonspawn Monk began the quest for the
                  | Orb.
     0 | D:1      | Reached XP level 1. HP: 18/18 MP: 1/1
   181 | D:1      | Gained mutation: Your touch may inflict minor irresistible
                  | damage on your foes. [demonic ancestry]
   181 | D:1      | Reached XP level 2. HP: 24/24 MP: 2/2
   459 | D:1      | Reached XP level 3. HP: 29/29 MP: 3/3
  1433 | D:2      | Reached XP level 4. HP: 35/35 MP: 4/4
  1715 | D:3      | Found a basalt altar of Yredelemnul.
  1764 | D:3      | Became a worshipper of Yredelemnul the Dark
  1764 | D:3      | Reached * piety under Yredelemnul
  1764 | D:3      | Reached ** piety under Yredelemnul
  1828 | D:3      | Reached *** piety under Yredelemnul
  1840 | D:3      | Noticed Terence
  1858 | D:3      | Killed Terence
  1859 | D:3      | Reached skill level 1 in Shields
  1946 | D:3      | Gained mutation: You are partially covered in sharp spines.
                  | [demonic ancestry]
  1946 | D:3      | Reached XP level 5. HP: 32/42 MP: 5/5
  1948 | D:3      | Your ally Terence died
  2191 | D:3      | Found a runed translucent door.
  2192 | D:3      | Noticed Crazy Yiuf
  2305 | D:3      | Killed Crazy Yiuf
  2440 | D:4      | Found a staircase to the Ecumenical Temple.
  2451 | D:4      | Noticed a phantom
  2472 | D:4      | Killed a phantom
  2473 | D:4      | Reached XP level 6. HP: 30/48 MP: 6/6
  2556 | D:4      | Found a radiant altar of Vehumet.
  2994 | D:4      | Killed from afar by an orc priest

Illustrated notes

Levels and vault maps discovered:
D:1:      dpeg_arrival_chambers_temple_mockup, layout_basic, minivault_14
D:2:      minmay_razor_zed, layout_loops_ring, serial_bayou_lake_a
D:3:      layout_rooms, lemuel_crystal_altar, uniq_terence,
          uniq_crazy_yiuf_cottage
D:4:      layout_gridville, fiery_altar_vehumet,
          minmay_temple_entry_statues_fountains, serial_shops, shop

Skill      XL: |  1  2  3  4  5 |
---------------+----------------+-----
Axes           | 3 4 |  4.9
Dodging        | 3 |  3.8
Shields        | 1 2 |  2.9
Fighting       | 4 |  4.3
Stealth        | |  1.7

Action                   |  1- 3 |  4- 6 || total
-------------------------+-------+-------++-------
Melee: Hand axe          |   100 |   150 ||   250
       Touch             |    17 |       ||    17
  Use: Scroll            |     8 |     2 ||    10
       Potion            |     3 |     3 ||     6
 Stab: Sleeping          |     8 |     2 ||    10
       Distracted        |     2 |       ||     2
Armor: Robe              |     8 |    12 ||    20
Dodge: Dodged            |    73 |   130 ||   203
Block: Buckler           |     8 |    32 ||    40

Table legend: (Time is in decaauts)
 A = Elapsed time spent in this place.
 B = Non-inter-level travel time spent in this place.
 C = Inter-level travel time spent in this place.
 D = Time resting spent in this place.
 E = Time spent auto-exploring this place.
 F = Levels seen in this place.
 G = Mean time per level.
                   A        B        C        D        E       F      G
               +--------+--------+--------+--------+--------+-----+--------+
         Total |   3059 |   3000 |     59 |      0 |   2198 |   4 |  764.8 |
       Dungeon |   3059 |   3000 |     59 |      0 |   2198 |   4 |  764.8 |
               +--------+--------+--------+--------+--------+-----+--------+

Top non-repeatable levels by time:
     D:2: 1039 daAuts
     D:3: 759 daAuts
     D:1: 687 daAuts
     D:4: 574 daAuts
